 Dungeon Crawl Stone Soup version 0.19-a0-734-ge18daf0 (webtiles) character file.

10896 Justinthyme the Brilliant (level 11, -4/87 HPs)
             Began as a Demonspawn Artificer on June 22, 2016.
             Was a High Priest of Pakellas.
             Killed by the air
             ... invoked by Gastronok
              (41 damage)
             ... on level 2 of the Lair of Beasts.
             The game lasted 00:32:10 (11589 turns).

Justinthyme the Brilliant (Demonspawn Artificer)   Turns: 11589, Time: 00:32:19

Health: -4/87      AC: 19    Str: 18    XL:     11   Next: 42%
Magic:  17/17      EV: 10    Int: 12    God:    Pakellas [*****.]
Gold:   438        SH:  5    Dex: 16    Spells: 0 memorised, 10 levels left

rFire  + + +     SeeInvis .     I - +9 trident "Muemmoc" {vamp, Str+4}
rCold  + . .     Gourm    .     Q - +3 plate armour {rF+}
rNeg   + . .     Faith    .     L - +0 buckler of Lucidity {rF+ rC+ Slay+3}
rPois  .         Spirit   .     (helmet unavailable)
rElec  .         Dismiss  +     x - +0 cloak
rCorr  .         Reflect  .     (no gloves)
SustAt .         Harm     .     q - +1 pair of boots {Fly}
MR     .....                    G - amulet of dismissal
Stlth  ..........               m - ring of positive energy
                                O - ring of protection from fire

@: flying, not resistant to hostile enchantments, extremely unstealthy
A: horns 3, repulsion field 1, powered by death 1
a: Quick Charge, Device Surge, Renounce Religion, Stop Flying


You were on level 2 of the Lair of Beasts.
You worshipped Pakellas.
Pakellas was extremely pleased with you.
You were not hungry.

You visited 3 branches of the dungeon, and saw 12 of its levels.
You also visited: Labyrinth.

You collected 438 gold pieces.

Inventory:

Hand Weapons
 I - the +9 trident "Muemmoc" (weapon) {vamp, Str+4}
   (You found it on level 6 of the Dungeon)

   It inflicts no extra harm, but heals its wielder somewhat when it strikes a
   living foe.
   It affects your strength (+4).
Missiles
 A - 3 throwing nets (quivered)
Armour
 q - a +1 pair of boots of flying (worn)
 v - a +0 scale mail of cold resistance
 x - a +0 cloak (worn)
 C - the +3 robe "Venyubez" {+Inv rF+ Str+3, unknown}
   (You found it in a labyrinth)

   It affects your strength (+3).
   It protects you from fire.
   It lets you turn invisible.
 D - a +5 plate armour of ponderousness
 L - the +0 buckler of Lucidity (worn) {rF+ rC+ Slay+3}
   (You found it on level 4 of the Dungeon)

   It affects your accuracy and damage with ranged weapons and melee attacks
   (+3).
   It protects you from fire.
   It protects you from cold.
 Q - a +3 plate armour of fire resistance (worn)
Rods
 R - a +2 rod of clouds (11/11)
   (Pakellas gifted it to you on level 1 of the Lair of Beasts)
Jewellery
 a - the ring of Fyryula {MR- AC+2 Str+4 Int+6, unknown}
   (You found it in a labyrinth)

   [ring of protection]

   It affects your AC (+2).
   It affects your strength (+4).
   It affects your intelligence (+6).
   It affects your resistance to hostile enchantments.
 g - an uncursed ring of teleportation
 m - a ring of positive energy (right hand)
 t - an uncursed ring of positive energy
 y - an uncursed ring of fire
 G - an amulet of dismissal (around neck)
 O - a ring of protection from fire (left hand)
Wands
 c - a wand of flame (1/48)
 d - a wand of enslavement (17/24)
 e - a wand of iceblast (2/15)
 i - a wand of confusion (9/48)
 l - a wand of confusion (24/48)
 p - a wand of acid (4/15)
 u - a wand of disintegration (14/24)
 M - a wand of paralysis (6/24)
 P - a wand of iceblast (4/15)
 T - a wand of disintegration (21/24)
 V - a wand of disintegration (12/24)
Scrolls
 r - 4 scrolls of blinking
 s - 4 scrolls of teleportation
 w - 3 scrolls of remove curse
Potions
 h - a potion of agility
 n - a potion of mutation
 B - 2 potions of ambrosia
 E - 2 potions of resistance {unknown}
 H - a potion of heal wounds
 J - 2 potions of might
 N - a potion of magic
Books
 j - a book of Party Tricks

   Spells                             Type                      Level
   a - Summon Butterflies             Summoning                    1
   b - Apportation                    Translocation                1
   c - Tukima's Dance                 Hexes                        3
   d - Alistair's Intoxication        Transmutation/Poison         5
   e - Invisibility                   Hexes                        6
 k - a book of Transfigurations

   Spells                             Type                      Level
   a - Irradiate                      Conjuration/Transmutation    5
   b - Statue Form                    Transmutation/Earth          6
   c - Hydra Form                     Transmutation                6
   d - Dragon Form                    Transmutation                7
 o - a book of Geomancy

   Spells                             Type                      Level
   a - Sandblast                      Earth                        1
   b - Passwall                       Transmutation/Earth          2
   c - Stone Arrow                    Conjuration/Earth            3
   d - Petrify                        Transmutation/Earth          4
   e - Lee's Rapid Deconstruction     Earth                        5
 z - a book of Frost

   Spells                             Type                      Level
   a - Freeze                         Ice                          1
   b - Throw Frost                    Conjuration/Ice              2
   c - Ozocubu's Armour               Charms/Ice                   3
   d - Throw Icicle                   Conjuration/Ice              4
   e - Summon Ice Beast               Ice/Summoning                4
 F - a book of Party Tricks

   Spells                             Type                      Level
   a - Summon Butterflies             Summoning                    1
   b - Apportation                    Translocation                1
   c - Tukima's Dance                 Hexes                        3
   d - Alistair's Intoxication        Transmutation/Poison         5
   e - Invisibility                   Hexes                        6
Miscellaneous
 U - a sack of spiders
Comestibles
 f - 8 bread rations
 S - 2 meat rations
 W - a slice of pizza


   Skills:
 + Level 8.7 Fighting
   Level 0.8 Short Blades
 * Level 7.7 Polearms
 + Level 5.6 Armour
 - Level 5.6 Dodging
 - Level 0.8 Stealth
 + Level 5.5 Shields
 + Level 9.2 Evocations


You had 10 spell levels left.
You didn't know any spells.

Dungeon Overview and Level Annotations

Branches:
Dungeon (9/15)             Temple (1/1) D:5            Lair (2/6) D:9
  Swamp: Lair:2-4    Shoals: Lair:2-4     Snake: Lair:2-4    Spider: Lair:2-4
    Orc: D:9-12

Altars:
Cheibriados
Dithmenos
Fedhas
Gozag
Hepliaklqana
Kikubaaqudgha
Makhleb
Pakellas
Qazlal
Ru
Sif Muna
Trog
Uskayaw
Vehumet
Xom
Yredelemnul
The Shining One

Annotations:
D:9 2 runed doors
Lair:2 Gastronok


Innate Abilities, Weirdness & Mutations

You have a pair of large horns on your head.
You are surrounded by a mild repulsion field. (EV +2)
You regenerate a little health from kills.


Message History

Zapping:
M - a wand of paralysis (6/24)
Press: ? - help, Shift-Dir - straight line, f/p - Gastronok
Aim: Gastronok, wearing a runed hat (severely wounded, chance to defeat MR: 17%)
Okay, then.
Evoke which item? (* to show all) (? for menu, Esc to quit)
Zapping:
T - a wand of disintegration (21/24)
Press: ? - help, Shift-Dir - straight line, f/p - Gastronok
Aim: Gastronok, wearing a runed hat (severely wounded, chance to defeat MR: 39%)
Okay, then.
Evoke which item? (* to show all) (? for menu, Esc to quit)
Zapping:
p - a wand of acid (5/15)
Press: ? - help, Shift-Dir - straight line, f/p - Gastronok
Aim: Gastronok, wearing a runed hat (severely wounded)
The bolt of acid hits Gastronok.
The acid corrodes Gastronok!
Gastronok is almost dead.
This wand has 4 charges left.
Gastronok waves his eye-stalks in wide circles.
The air twists around and violently strikes you in flight!
You die...
Pakellas says: Time to find a new assistant...

....... #.#........
....... ##..........
.... . #...........
... .) ##...........
.. #.. ##....!.......
.. #... ##
#P............ ..
#..#P#####............
..
#.....................
###..@.##.........<..
#..w####P#.........
#... ####....... #...#
#..... ..... #....
...... .... ..... ..
.....


You could see Gastronok.

Vanquished Creatures
  A minotaur (Lab)
  The ghost of Geoffrax the Covert, a novice VSAs of Hepliaklqana (D:7)
  Maurice (D:9)
  2 spiny frogs (Lair:1)
  A komodo dragon (Lair:1)
  16 yaks
  The ghost of goofnerd the Shield-Bearer, an amateur MiFi (D:3)
  A human (D:8)
  2 hippogriffs (Lair:1)
  2 hungry ghosts (D:7)
  A steam dragon (D:9)
  The ghost of Nothus the Stinger, an amateur DrVM of Jiyva (D:5)
  3 water moccasins
  A porcupine (Lair:1)
  4 orc warriors
  A sky beast (D:7)
  2 phantoms
  8 ogres
  6 centaurs
  3 crocodiles
  3 giant frogs
  4 scorpions
  4 wights (D:8)
  2 howler monkeys
  2 vampire bats (D:6)
  A centaur zombie (D:5)
  2 crimson imps
  A quasit (D:6)
  6 hounds
  2 jellies
  Crazy Yiuf (D:2)
  8 orc priests
  2 centaur skeletons
  10 iguanas
  Natasha (thrice) (D:2)
  13 orc wizards
  A worker ant (D:4)
  3 sheep (D:8)
  Robin (D:2)
  A howler monkey skeleton (D:8)
  3 gnolls
  12 adders
  5 river rats (Lair:1)
  4 shadow imps
  2 oozes
  An adder skeleton (D:5)
  2 worms (D:2)
  2 dart slugs (D:1)
  5 giant geckos
  40 orcs
  A ball python (D:3)
  14 bats
  5 bat skeletons (D:6)
  2 bat zombies (D:6)
  5 giant cockroaches
  16 goblins
  11 hobgoblins
  15 jackals
  14 kobolds
  2 quokkas
  6 giant newts
  10 rats
  A fungus (Lair:1)
306 creatures vanquished.

Vanquished Creatures (collateral kills)
  An ogre (D:9)
  A crocodile (Lair:2)
  An iguana (D:9)
  A giant cockroach (D:3)
  A goblin (D:2)
  A hobgoblin (D:2)
6 creatures vanquished.

Vanquished Creatures (others)
  A water moccasin (D:9)
  An orc priest (D:3)
  3 gnolls
  A jackal (D:3)
  4 goblins (D:2)
10 creatures vanquished.

Grand Total: 322 creatures vanquished

Notes
Turn   | Place    | Note
--------------------------------------------------------------
     0 | D:1      | Justinthyme the Demonspawn Artificer began the quest for the Orb.
     0 | D:1      | Reached XP level 1. HP: 15/15 MP: 3/3
    84 | D:1      | Gained mutation: You are surrounded by a mild repulsion field. (EV +2) [demonic ancestry]
    84 | D:1      | Reached XP level 2. HP: 14/21 MP: 4/4
   526 | D:1      | Gained mutation: You regenerate a little health from kills. [demonic ancestry]
   526 | D:1      | Reached XP level 3. HP: 20/26 MP: 5/5
   894 | D:1      | You fall through a shaft!
   922 | D:2      | Noticed Robin
   977 | D:2      | Killed Robin
  1080 | D:2      | Reached XP level 4. HP: 33/33 MP: 6/6
  1090 | D:2      | Noticed Natasha
  1093 | D:2      | Killed Natasha
  1358 | D:2      | Noticed Natasha
  1368 | D:2      | Killed Natasha
  1368 | D:2      | Reached skill level 4 in Evocations
  1433 | D:2      | Found a hazy altar of Hepliaklqana.
  1462 | D:2      | Noticed Crazy Yiuf
  1465 | D:2      | Killed Crazy Yiuf
  1465 | D:2      | Reached XP level 5. HP: 40/40 MP: 8/8
  1675 | D:2      | Noticed Natasha
  1688 | D:2      | Killed Natasha
  2683 | D:3      | Noticed goofnerd's ghost (amateur MiFi)
  2958 | D:3      | Killed goofnerd's ghost
  2958 | D:3      | Gained mutation: You have a pair of small horns on your head. [demonic ancestry]
  2958 | D:3      | Reached XP level 6. HP: 47/47 MP: 9/9
  3363 | D:3      | Reached skill level 5 in Evocations
  3748 | D:4      | Found a radiant altar of Vehumet.
  3759 | D:4      | Found a stormy altar of Qazlal.
  3760 | D:4      | Noticed an air elemental
  3760 | D:4      | Noticed a water elemental
  3760 | D:4      | Noticed a fire elemental
  3794 | D:4      | Reached XP level 7. HP: 39/54 MP: 10/10
  3964 | D:4      | Found a shadowy altar of Dithmenos.
  4634 | D:4      | Reached skill level 5 in Dodging
  4911 | D:4      | Reached skill level 6 in Evocations
  5048 | D:5      | Entered Level 5 of the Dungeon
  5058 | D:5      | Found a staircase to the Ecumenical Temple.
  5063 | D:5      | Noticed Nothus's ghost (amateur DrVM)
  5068 | Temple   | Entered the Ecumenical Temple
  5121 | Temple   | Became a worshipper of Pakellas the Inventive
  5256 | D:5      | Killed Nothus's ghost
  5256 | D:5      | Reached skill level 5 in Fighting
  5256 | D:5      | Reached XP level 8. HP: 20/62 MP: 12/12
  5708 | D:4      | Got a transparent buckler
  5714 | D:4      | Identified the +0 buckler of Lucidity {rF+ rC+ Slay+3} (You found it on level 4 of the Dungeon)
  5822 | D:5      | Reached skill level 1 in Armour
  5822 | D:5      | Reached skill level 1 in Shields
  6202 | D:5      | Reached * piety under Pakellas
  6202 | D:5      | Received a gift from Pakellas
  7025 | D:6      | Reached skill level 7 in Evocations
  7351 | D:6      | Got a pitted trident
  7363 | D:6      | Identified the +9 trident "Muemmoc" {vamp, Str+4} (You found it on level 6 of the Dungeon)
  7602 | D:6      | Reached skill level 1 in Polearms
  7602 | D:6      | Reached XP level 9. HP: 71/71 MP: 14/14
  8061 | D:6      | Found an ancient bone altar of Kikubaaqudgha.
  8143 | D:7      | Noticed Geoffrax's ghost (novice VSAs)
  8161 | D:7      | Killed Geoffrax's ghost
  8635 | D:7      | Reached ** piety under Pakellas
  8635 | D:7      | Received a gift from Pakellas
  8864 | D:7      | Found a blossoming altar of Fedhas.
  9184 | D:8      | Gained mutation: You have a pair of horns on your head. [potion of beneficial mutation]
  9251 | D:8      | Gained mutation: You have a pair of large horns on your head. [demonic ancestry]
  9251 | D:8      | Reached XP level 10. HP: 78/79 MP: 15/15
  9273 | D:8      | Reached skill level 8 in Evocations
  9411 | D:8      | Reached *** piety under Pakellas
  9411 | D:8      | Received a gift from Pakellas
  9560 | D:8      | Found a burning altar of Makhleb.
  9561 | D:8      | Found a shimmering altar of Xom.
  9655 | D:8      | Reached skill level 5 in Polearms
  9693 | D:8      | Found a glowing golden altar of the Shining One.
  9846 | D:9      | Noticed an ice dragon
  9848 | D:9      | Found a runed door.
  9849 | D:9      | Noticed an ice dragon
  9850 | D:9      | Found a runed door.
  9850 | D:9      | Noticed a fire dragon
  9864 | D:9      | Noticed a fire dragon
  9954 | D:9      | Identified a scroll of acquirement
 10060 | D:9      | Noticed Maurice
 10065 | D:9      | Killed Maurice
 10100 | D:9      | Reached **** piety under Pakellas
 10100 | D:9      | Received a gift from Pakellas
 10189 | D:9      | Found a staircase to the Lair.
 10481 | Lair:1   | Entered Level 1 of the Lair of Beasts
 10560 | Lair:1   | Reached skill level 5 in Armour
 10567 | Lair:1   | Reached skill level 5 in Shields
 10614 | Lair:1   | Reached XP level 11. HP: 86/86 MP: 17/17
 10616 | Lair:1   | Found a labyrinth entrance.
 10637 | Lab      | Entered a labyrinth
 10737 | Lab      | Found an exit through the horrors of the Abyss.
 10769 | Lab      | Noticed a minotaur
 10781 | Lab      | Killed a minotaur
 10781 | Lab      | Reached skill level 9 in Evocations
 10785 | Lab      | Got a crude platinum ring
 10786 | Lab      | Got a heavy robe
 11058 | Lair:1   | Reached ***** piety under Pakellas
 11058 | Lair:1   | Received a gift from Pakellas
 11579 | Lair:2   | Noticed Gastronok
 11589 | Lair:2   | Killed from afar by Gastronok

Vault maps used:
D:1:      zelgadis_glass_arrival_small, minmay_domino_2
D:2:      lemuel_crystal_altar, uniq_natasha, uniq_crazy_yiuf_cottage,
          uniq_robin
D:4:      old_standard_altar, lemuel_crystal_altar,
          nicolae_qazlal_style_of_elements, first_bread
D:6:      kennysheep_vampire_church
D:7:      fedhas_altar_4
D:8:      grunt_temple_overflow_champion_of_chaos, lemuel_round_altar,
          grunt_livestock, minmay_misc_feat_diagonals,
          kennysheep_generic_room_13
D:9:      lemuel_coloured_pillars_altar, erik_lair_dragon, nicolae_benzene_ring,
          grunt_decor_mini_mirrors, minmay_guarded_unrand_resistance,
          uniq_maurice
Temple:   compressed_dpeg_circular_temple
Lair:1:   lab_entry_generic
Lair:2:   beast_lair_carwin_3, serial_bayou_shore_a, uniq_gastronok
Lab:      labyrinth_hidden_loot, labyrinth_fake_exit, nicolae_lab_do_over,
          labyrinth_lava_lair, nicolae_lab_plus

Skill      XL: |  1  2  3  4  5  6  7  8  9 10 11 |
---------------+----------------------------------+-----
Dodging        | 2 3 4 5 |  5.6
Fighting       | 2 3 4 5 6 7 8 |  8.7
Evocations     | 4 5 6 7 8 9 |  9.2
Armour         | 2 3 5 |  5.6
Shields        | 2 3 5 |  5.5
Polearms       | 1 4 6 7 |  7.7
Short Blades   | |  0.8
Stealth        | |  0.8

Action                   |  1- 3 |  4- 6 |  7- 9 | 10-12 || total
-------------------------+-------+-------+-------+-------++-------
Melee: Short sword       |   156 |   204 |       |       ||   360
       Long sword        |       |    62 |       |       ||    62
       Falchion          |       |    40 |   219 |       ||   259
       Headbutt          |       |    17 |    71 |    53 ||   141
       Trident           |       |       |   153 |   270 ||   423
Invok: Quick Charge      |       |       |     1 |       ||     1
Evoke: Wand              |    15 |    17 |    31 |    11 ||    74
  Use: Scroll            |     4 |     3 |    13 |     6 ||    26
       Potion            |       |     1 |     3 |       ||     4
 Stab: Sleeping          |     2 |     4 |       |       ||     6
       Paralysed         |       |    19 |       |       ||    19
       Distracted        |       |       |     2 |       ||     2
       Confused          |       |       |     2 |     2 ||     4
  Eat: Chunk             |     1 |     9 |    19 |     7 ||    36
       Beef jerky        |       |       |     2 |       ||     2
       Pizza             |       |       |     1 |       ||     1
Armor: Leather armour    |    47 |    78 |    26 |       ||   151
       Scale mail        |       |       |    47 |    51 ||    98
Dodge: Dodged            |   122 |   277 |   245 |   137 ||   781
Block: Buckler           |       |       |    41 |    42 ||    83
